 Dungeon Crawl Stone Soup version 0.25.1-2-g60ff931df9 (webtiles) character file.

Game seed: 12268081006535636961

1355 hawla the Stinger (level 8, -1/57 HPs)
             Began as a Yellow Draconian Venom Mage on Nov 11, 2020.
             Was a Follower of Vehumet.
             Slain by a water moccasin (6 damage)
             ... on level 6 of the Dungeon.
             The game lasted 00:23:45 (6887 turns).

hawla the Stinger (Yellow Draconian Venom Mage)     Turns: 6887, Time: 00:23:45

Health: -1/57      AC:  9    Str: 10    XL:     8   Next: 37%
Magic:  10/20      EV: 12    Int: 19    God:    Vehumet [*.....]
Gold:   243        SH:  0    Dex: 11    Spells: 0/11 levels left

rFire    . . .     SeeInvis .   g - +0 quarterstaff
rCold    . . .     Gourm    .   (shield currently unavailable)
rNeg     + . .     Faith    .   (armour unavailable)
rPois    .         Spirit   .   (helmet restricted)
rElec    .         Reflect  .   v - scarf {repulsion}
rCorr    +         Harm     .   (no gloves)
MR       .....                  c - +2 pair of boots
Stlth    ++........             u - amulet of the acrobat
HPRegen  0.19/turn              f - ring of magical power
MPRegen  0.17/turn              r - ring of positive energy

@: lethally poisoned (-1 -> -2), repel missiles
A: spit acid, unfitting armour, cold-blooded, acid resistance, AC +6
a: Breathe Acid, Renounce Religion


You were on level 6 of the Dungeon.
You worshipped Vehumet.
Vehumet was aware of your devotion.
You were not hungry.

You visited 2 branches of the dungeon, and saw 7 of its levels.

You collected 243 gold pieces.

Inventory:

Hand Weapons
 g - a +0 quarterstaff (weapon)
Missiles
 h - 3 boomerangs
 l - 2 atropa-tipped darts
 n - 37 poisoned darts (quivered)
 q - a throwing net
Armour
 c - a +2 pair of boots (worn)
 v - a scarf of repulsion (worn)
Jewellery
 e - an uncursed amulet of regeneration
 f - a ring of magical power (left hand)
 r - a ring of positive energy (right hand)
 u - an amulet of the acrobat (around neck)
Wands
 y - a wand of paralysis (13)
Scrolls
 a - a scroll of fog
 p - a scroll of amnesia
 A - a scroll of fear
Potions
 d - a potion of haste
 j - a potion of cancellation
 k - a potion of might
 m - a potion of mutation {unknown}
 o - 2 potions of invisibility {unknown}
 s - 2 potions of flight
 t - a potion of berserk rage
 w - 2 potions of heal wounds {unknown}
Comestibles
 b - 11 rations


   Skills:
 - Level 1.7 Dodging
 - Level 1.7 Stealth
 - Level 2.0 Spellcasting
   Level 0.7 Conjurations
 + Level 6.8 Transmutations
 + Level 2.0 Fire Magic
 + Level 2.0 Air Magic
 + Level 7.4 Poison Magic


You couldn't memorise any spells.
You knew the following spells:

 Your Spells              Type           Power        Failure   Level  Hunger
a - Sting                 Tmut/Pois      ####         1%          1    #......
b - Poisonous Vapours     Pois/Air       ###...       3%          2    ###....
c - Olgreb's Toxic Radia  Pois           ####....     8%          4    #####..
d - Ignite Poison         Fire/Tmut/Pois ###.....     5%          3    ###....
e - Freeze                Ice            #...         17%         1    #......

Your spell library contained the following spells:

 Spells                   Type           Power        Failure   Level  Hunger
 Mephitic Cloud           Conj/Pois/Air  ##......     13%         3    ###....


Dungeon Overview and Level Annotations

Branches:
Dungeon (6/15)             Temple (1/1) D:4

Altars:
Ashenzari
Dithmenos
Fedhas
Gozag
Hepliaklqana
Kikubaaqudgha
Makhleb
Nemelex Xobeh
Okawaru
Qazlal
Sif Muna
Trog
Uskayaw
Vehumet
Wu Jian
Xom
Yredelemnul
Zin
The Shining One

Annotations:
D:4 Menkaure


Innate Abilities, Weirdness & Mutations

You can spit globs of acid.
Your golden yellow scales are hard. (AC +6)
You cannot fit into any form of body armour.
You are cold-blooded and may be slowed by cold attacks.
You are resistant to acid. (rCorr)


Message History

You feel sick.
You feel sick.
The water moccasin is no longer moving slowly.
You feel sick.
The water moccasin completely misses you.
You feel sick.
The water moccasin bites you but does no damage.
You feel sick.
The water moccasin completely misses you.
You feel sick.
The water moccasin completely misses you.
Casting: Freeze (safe; 17% risk of failure)
Confirm with . or Enter, or press ? or * to list all spells.
Aiming: Freeze (safe; 17% risk of failure)
Press: ? - help, Shift-Dir - straight line, f/p - water moccasin
Aim: a water moccasin (almost dead)
You freeze the water moccasin.
The water moccasin is almost dead.
The water moccasin bites you.
You die...

##.......#....#
.
##............
. ##...........
. ###.........#
. #............
##........#.. .
##.........#..
.
#.....S.......
#.....@.......
##............
#........#...
#######.##...
.# .. ##


You could see a water moccasin.

Vanquished Creatures
  Pikel (D:4)
  An ice beast (D:5)
  An ogre (D:6)
  A bullfrog (D:6)
  A gnoll sergeant (D:6)
  A scorpion (D:5)
  3 crimson imps
  A hound (D:5)
  A gnoll shaman (D:5)
  An orc priest (D:6)
  A centaur skeleton (D:4)
  An iguana (D:5)
  2 orc wizards
  2 worker ants (D:4)
  6 gnolls
  8 adders
  A river rat (D:3)
  A shadow imp (D:5)
  2 oozes
  4 dart slugs
  7 worms
  4 leopard geckos
  7 orcs
  8 bats
  7 giant cockroaches
  7 goblins
  3 hobgoblins (D:1)
  2 jackals
  4 kobolds
  2 quokkas
  A ball python (D:3)
  4 frilled lizards
  10 rats
106 creatures vanquished.

Vanquished Creatures (others)
  A quokka (D:5)
1 creature vanquished.

Grand Total: 107 creatures vanquished

Notes
Turn   | Place    | Note
-------+----------+-------------------------------------------
     0 | D:1      | hawla the Draconian Venom Mage began the quest for the Orb.
     0 | D:1      | Reached XP level 1. HP: 14/14 MP: 3/3
   190 | D:1      | Reached XP level 2. HP: 20/20 MP: 0/5
   198 | D:1      | Learned a level 2 spell: Poisonous Vapours
  1106 | D:1      | Reached XP level 3. HP: 26/26 MP: 1/6
  1111 | D:1      | Learned a level 3 spell: Mephitic Cloud
  2244 | D:2      | Noticed a moth of wrath
  2247 | D:2      | Found a bloodstained altar of Trog.
  2266 | D:2      | Reached skill level 4 in Poison Magic
  2900 | D:3      | Reached XP level 4. HP: 33/33 MP: 7/7
  3821 | D:3      | Reached XP level 5. HP: 38/38 MP: 6/8
  4789 | D:4      | Reached skill level 5 in Poison Magic
  4912 | D:4      | Reached XP level 6. HP: 35/45 MP: 9/9
  4995 | D:4      | Found a staircase to the Ecumenical Temple.
  5004 | Temple   | Entered the Ecumenical Temple
  5221 | Temple   | Became a worshipper of Vehumet
  5327 | D:4      | Noticed Menkaure
  5344 | D:5      | Entered Level 5 of the Dungeon
  5729 | D:5      | Noticed an ice beast
  5770 | D:5      | Killed an ice beast
  5770 | D:5      | Reached skill level 5 in Transmutations
  5979 | D:5      | Noticed Pikel
  5998 | D:4      | Reached skill level 6 in Poison Magic
  6071 | D:5      | Noticed a slave
  6079 | D:4      | Your scales start taking on a golden yellow colour.
  6079 | D:4      | Reached XP level 7. HP: 39/50 MP: 10/10
  6079 | D:4      | Gained mutation: You are resistant to acid. (rCorr) [Yellow
                  | Draconian growth]
  6083 | D:4      | Killed Pikel
  6083 | D:4      | Reached skill level 7 in Poison Magic
  6090 | D:4      | Learned a level 3 spell: Ignite Poison
  6137 | D:5      | Reached XP level 8. HP: 55/57 MP: 7/11
  6528 | D:6      | Learned a level 4 spell: Olgreb's Toxic Radiance
  6545 | D:6      | Reached skill level 1 in Fire Magic
  6545 | D:6      | Reached skill level 1 in Air Magic
  6828 | D:6      | Reached * piety under Vehumet
  6828 | D:6      | Offered knowledge of Freeze by Vehumet.
  6837 | D:6      | Learned a level 1 spell: Freeze
  6887 | D:6      | Slain by a water moccasin

Illustrated notes

Levels and vault maps discovered:
D:1:      eino_arrival_cavern_a, layout_basic, supply_closet_lemuel
D:2:      layout_loops_ring, tgw_trog, minmay_heptomino_d4
D:3:      minmay_spotlight, layout_loops_ring, gup_sewer_entry_spiral,
          kennysheep_generic_room_4
D:4:      minmay_skewed_foursquare, layout_loops_corners,
          minmay_temple_entry_wispy, uniq_menkaure
D:5:      layout_rooms, first_ration, minmay_curled_crystal,
          minmay_misc_feat_five, uniq_pikel
D:6:      layout_cave_pools, overflow_temple_1_default,
          nicolae_ru_sacrificial_ziggurat, serial_gnoll_camp,
          gnoll_camp_mini_doghouse, gnoll_camp_mini_hut, gnoll_camp_huts_basic,
          gnoll_camp_mini_shop, minmay_fractal_squares_diagonal_5
Temple:   dpeg_five_rooms_temple

Skill      XL: |  1  2  3  4  5  6  7  8 |
---------------+-------------------------+-----
Transmutations | 2 3 4 5 6 |  6.8
Poison Magic   | 4 5 6 7 |  7.4
Fire Magic     | 2 |  2.0
Air Magic      | 2 |  2.0
Dodging        | |  1.7
Stealth        | |  1.7
Spellcasting   | |  2.0
Conjurations   | |  0.7

Action                   |  1- 3 |  4- 6 |  7- 9 || total
-------------------------+-------+-------+-------++-------
Melee: Unarmed           |     5 |    20 |       ||    25
       Tailslap          |     1 |     3 |       ||     4
       Quarterstaff      |       |    41 |     8 ||    49
 Cast: Sting             |    41 |    61 |    18 ||   120
       Poisonous Vapours |    28 |    53 |    18 ||    99
       Mephitic Cloud    |     3 |     8 |       ||    11
       Freeze            |       |       |     7 ||     7
       Olgreb's Toxic Ra |       |       |     4 ||     4
       Ignite Poison     |       |       |     1 ||     1
 Abil: Breathe Acid      |       |       |     1 ||     1
  Use: Scroll            |     7 |     3 |     3 ||    13
       Potion            |       |     4 |     2 ||     6
  Eat: Chunk             |     8 |     9 |     2 ||    19
       Ration            |     1 |     1 |     2 ||     4
Armor: Skin              |     9 |    41 |     9 ||    59
Dodge: Dodged            |    23 |    90 |    31 ||   144
       Repelled          |       |     1 |       ||     1
